 Dungeon Crawl Stone Soup version 0.16.2-12-gd0ad4c3 (webtiles) character file.

110 musteatbrain the Sneak (level 4, 0/21 HPs)
             Began as a Spriggan Enchanter on Sept 28, 2015.
             Slain by a worm (12 damage)
             ... on level 3 of the Dungeon.
             The game lasted 00:07:43 (2893 turns).

musteatbrain the Sneak (Spriggan Enchanter)         Turns: 2893, Time: 00:07:43

Health: 0/21       AC:  4    Str:  5    XL:     4   Next: 61%
Magic:  20/21      EV: 18    Int: 16    God:
Gold:   102        SH:  0    Dex: 11    Spells: 2 memorised, 5 levels left

rFire  . . .     SeeInvis +     a - +1 dagger
rCold  . . .     Clarity  .     b - +1 robe
rNeg   + . .     SustAb   .     (shield restricted)
rPois  .         Gourm    .     i - +1 hat
rElec  .         Spirit   .     (no cloak)
rCorr  .         Warding  +     (gloves unavailable)
rMut   .         Stasis   .     (boots unavailable)
MR     .....                    l - amulet of warding
Stlth  +++.......               n - -5 ring of dexterity (curse)
                                k - ring of magical power

@: very quick, not resistant to hostile enchantments, fairly stealthy
A: unfitting armour, see invisible, herbivore 3, speed 3, slow metabolism 2
a: no special abilities


You were on level 3 of the Dungeon.
You were not hungry.

You visited 1 branch of the dungeon, and saw 3 of its levels.

You collected 102 gold pieces.

Inventory:

Hand weapons
 a - a +1 dagger (weapon)
 e - a +0 blowgun
Missiles
 f - 17 poisoned needles (quivered)
Armour
 b - a +1 robe (worn)
 i - a +1 hat (worn)
Jewellery
 k - a ring of magical power (left hand)
 l - an amulet of warding (around neck)
 n - a cursed -5 ring of dexterity (right hand)
Scrolls
 j - a scroll of identify
 m - 2 scrolls of fog
Potions
 h - a potion of heal wounds
 o - a potion of curing
 p - a potion of ambrosia
Books
 c - a book of Maledictions

   Spells                             Type                      Level
   a - Corona                         Hexes                        1
   b - Sure Blade                     Hexes/Charms                 2
   c - Ensorcelled Hibernation        Hexes/Ice                    2
   d - Confuse                        Hexes                        3
   e - Dazzling Spray                 Conjuration/Hexes            3
   f - Enslavement                    Hexes                        4
Comestibles
 d - a bread ration
 g - 2 royal jellies
 q - 3 fruits


   Skills:
 + Level 3.6 Short Blades
 + Level 4.0 Dodging
 + Level 5.7 Stealth
 - Level 2.6 Spellcasting
 - Level 3.6 Hexes


You had 5 spell levels left.
You knew the following spells:

 Your Spells              Type           Power        Failure   Level  Hunger
a - Corona                Hex            ##.....      6%          1    #......
b - Ensorcelled Hibernat  Hex/Ice        #.....       17%         2    ##.....


Dungeon Overview and Level Annotations

Branches:
Dungeon (3/15)

Altars:


Innate Abilities, Weirdness & Mutations

You are tiny and cannot use many weapons and most armour.
You have supernaturally acute eyesight.
You are a herbivore.
You cover ground extremely quickly.
You need consume almost no food.


Message History

The worm is lightly wounded.
The worm barely misses you.
You hit the worm.
The worm is lightly wounded.
You hit the worm but do no damage.
The worm is lightly wounded.
The worm bites you!
Sorry, you're not good enough to have a special ability.
Casting: Ensorcelled Hibernation
Confirm with . or Enter, or press ? or * to list all spells.
Aiming: Ensorcelled Hibernation
Press: ? - help, Shift-Dir - straight line, f - worm
Aim: a worm (lightly wounded, chance 48%)
The worm looks drowsy...
The helpless worm fails to defend itself.
You impale the worm!!
The worm is almost dead.
The worm bites you!
Ouch! That really hurt!
You die...

.##.# #.######.##....#
....# #.........#.####
.#### ###########.# .#
#....# .# ####.#########
.# ###............# .#
#...........##.# .#####
#.....#.###.##.# ......#
#.......@w.....# ..###.
#.........#.#..# ..#
.......##.#..#.#..# ..#
........##.#..#.#..#
..#.........##.#..#.#..#
.##.....###.##.#....#..#
.##..... #.##.#.####..#
...).... #.##.#.. ..#
....#### #.##.### .


You could see a worm.

Vanquished Creatures
  Jessica (D:2)
  3 adders (D:2)
  A worm (D:2)
  2 giant geckos (D:2)
  2 oozes (D:2)
  An orc (D:3)
  A ball python (D:1)
  A giant cockroach (D:3)
  4 goblins (D:1)
  7 hobgoblins
  6 jackals
  9 bats
  3 giant newts
  5 kobolds
  A quokka (D:2)
  7 rats
54 creatures vanquished.

Notes
Turn   | Place    | Note
--------------------------------------------------------------
     0 | D:1      | musteatbrain, the Spriggan Enchanter, began the quest for the Orb.
     0 | D:1      | Reached XP level 1. HP: 9/9 MP: 4/4
   855 | D:1      | Reached XP level 2. HP: 13/13 MP: 7/7
  1344 | D:2      | Noticed Jessica
  1463 | D:2      | Killed Jessica
  1463 | D:2      | Reached XP level 3. HP: 16/16 MP: 9/9
  1535 | D:2      | Reached skill level 5 in Stealth
  1645 | D:2      | Reached XP level 4. HP: 17/21 MP: 12/12
  2665 | D:2      | Learned a level 2 spell: Ensorcelled Hibernation
  2893 | D:3      | Slain by a worm

Action                   |  1- 3 |  4- 6 || total
-------------------------+-------+-------++-------
Melee: Dagger            |   130 |   172 ||   302
 Cast: Ensorcelled Hiber |       |     2 ||     2
  Use: Potion            |     2 |       ||     2
       Scroll            |       |     6 ||     6
 Stab: Sleeping          |     8 |     7 ||    15
